 Dungeon Sprint DCSS version 0.21-a0-110-g8e1637b (webtiles) character file.

1521 minicreteconcrete the Deadly Accurate (level 8, -2/77 HPs)
             Began as a Centaur Hunter on July 9, 2017.
             Was a Priest of Trog.
             Slain by a centaur warrior (8 damage)
             ... in the Dungeon (Sprint IX: "|||||||||||||||||||||||||||||").
             The game lasted 00:03:15 (641 turns).

minicreteconcrete the Deadly Accurate (CeHu)         Turns: 641, Time: 00:03:16

Health: -2/77      AC:  7    Str: 16    XL:     8   Next: 54%
Magic:  8/8        EV: 15    Int: 12    God:    Trog [***...]
Gold:   0          SH:  0    Dex: 11    Spells: 7/7 levels left

rFire    . . .     SeeInvis .   a - +4 quarterstaff of Ytta {freeze, rPois rC+ Int+2}
rCold    + . .     Gourm    .   (shield currently unavailable)
rNeg     . . .     Faith    .   b - +0 leather armour
rPois    +         Spirit   .   s - +0 helmet
rElec    .         Reflect  .   t - +0 cloak
rCorr    .         Harm     .   (no gloves)
MR       .....     NoTele   +   (no barding)
Stlth    +.........             (no amulet)
HPRegen  0.22/turn              v - +2 ring of evasion
MPRegen  0.11/turn              w - +2 ring of evasion

@: berserk cooldown, slowed, invisible
A: hooves 3, deformed body, speed 2, tough skin 3
a: Berserk, Trog's Hand, Burn Spellbooks, Renounce Religion


You were in the Dungeon.
You worshipped Trog.
Trog was most pleased with you.
You were very hungry.

You visited 1 branch

Inventory:

Hand Weapons
 a - the +4 quarterstaff of Ytta (weapon) {freeze, rPois rC+ Int+2}
   (You found it in the Dungeon)

   It has been specially enchanted to freeze those struck by it, causing extra
   injury to most foes and up to half again as much damage against particularly
   susceptible opponents.
   It can also slow down cold-blooded creatures.
   It affects your intelligence (+2).
   It protects you from cold.
   It protects you from poison.
 j - a +0 falchion
 q - a +0 short sword
 r - a +2 scimitar of flaming
Missiles
 c - 3 javelins (quivered)
 d - 2 throwing nets
Armour
 b - a +0 leather armour (worn)
 s - a +0 helmet (worn)
 t - a +0 cloak (worn)
 u - a +0 plate armour
Magical Staves
 p - an uncursed staff of energy
Jewellery
 v - a +2 ring of evasion (left hand)
 w - a +2 ring of evasion (right hand)
Wands
 o - a wand of lightning (5/15)
Scrolls
 k - 2 scrolls of blinking
 n - 3 scrolls of remove curse
Potions
 e - 5 potions of curing
 g - a potion of heal wounds
 h - a potion of haste
 i - 4 potions of magic
Comestibles
 f - a bread ration


   Skills:
 + Level 8.8 Fighting
 - Level 1.3 Short Blades
 + Level 15.7 Throwing
 + Level 4.7 Armour
 + Level 4.7 Dodging
 - Level 0.4 Stealth


You had 7 spell levels left.
You didn't know any spells.

Dungeon Overview and Level Annotations

Branches:
Dungeon (1/1)

Altars:
Cheibriados
Dithmenos
Elyvilon
Fedhas
Gozag
Hepliaklqana
Kikubaaqudgha
Makhleb
Nemelex Xobeh
Okawaru
Qazlal
Ru
Sif Muna
Trog
Uskayaw
Vehumet
Wu Jian
Xom
Yredelemnul
Zin
The Shining One
Beogh
Jiyva
Lugonu


Innate Abilities, Weirdness & Mutations

You have hooves in place of feet.
Armour fits poorly on your strangely shaped body.
You cover ground very quickly.
You have extremely tough skin. (AC +3)


Message History

The centaur warrior hits you.
* * * LOW HITPOINT WARNING * * *
The crimson imp barely misses you.
You feel much better. The centaur warrior hits you.
The crimson imp blinks!
The centaur warrior hits you!
* * * LOW HITPOINT WARNING * * *
The centaur warrior misses you.
Unknown command.
You barely miss the centaur warrior. You kick the centaur warrior.
The centaur warrior is heavily wounded.
The centaur warrior hits you!
* * * LOW HITPOINT WARNING * * *
The crimson imp puffs mist at you. The centaur warrior hits you.
* * * LOW HITPOINT WARNING * * *
You fade into invisibility!
The centaur warrior barely misses you.
The centaur warrior hits you but does no damage.
The centaur warrior hits you!
You die... ▓▓▓▓▓▓▓▓▓▓▓▓▓▓▓▓▓▓▓▓▓▓▓▓▓▓▓▓▓▓▓▓▓ c....'T(...('(5c@.).?.'__________ ▓▓▓▓▓▓▓▓▓▓▓▓▓▓▓▓▓▓▓▓▓▓▓▓▓▓▓▓▓▓▓▓▓

You could see a centaur warrior and a crimson imp.

Vanquished Creatures
  A two-headed ogre (D)
  2 trolls (D)
  A hungry ghost (D)
  An ogre (D)
  A crocodile (D)
  A gnoll sergeant (D)
  A scorpion (D)
  A hound (D)
  An orc wizard (D)
  A gnoll (D)
  An adder (D)
  An ooze (D)
  An orc (D)
  A bat skeleton (D)
  A goblin (D)
  A jackal (D)
  A ball python (D)
  A giant cockroach zombie (D)
  A rat (D)
20 creatures vanquished.

Notes
Turn   | Place    | Note
-------+----------+-------------------------------------------
     0 | D        | minicreteconcrete the Centaur Hunter began the quest for the Orb.
     0 | D        | Reached XP level 1. HP: 17/17 MP: 1/1
     9 | D        | Reached skill level 5 in Throwing
    23 | D        | Reached XP level 2. HP: 10/24 MP: 2/2
    25 | D        | Reached skill level 6 in Throwing
   202 | D        | Noticed a gnoll sergeant
   202 | D        | Noticed an ogre
   205 | D        | Killed an ogre
   205 | D        | Reached skill level 1 in Short Blades
   205 | D        | Reached skill level 9 in Throwing
   205 | D        | Reached skill level 1 in Armour
   205 | D        | Reached XP level 3. HP: 4/31 MP: 3/3
   205 | D        | Reached XP level 4. HP: 5/38 MP: 4/4
   205 | D        | HP: 1/57 [gnoll sergeant/spear (4)]
   209 | D        | Killed a gnoll sergeant
   209 | D        | Reached XP level 5. HP: 2/51 MP: 5/5
   223 | D        | Found a roughly hewn altar of Beogh.
   223 | D        | Found a snail-covered altar of Cheibriados.
   223 | D        | Found a shadowy altar of Dithmenos.
   223 | D        | Found a white marble altar of Elyvilon.
   223 | D        | Found a blossoming altar of Fedhas.
   223 | D        | Found an opulent altar of Gozag.
   224 | D        | Found a hazy altar of Hepliaklqana.
   225 | D        | Found a viscous altar of Jiyva.
   226 | D        | Found an ancient bone altar of Kikubaaqudgha.
   227 | D        | Found a corrupted altar of Lugonu.
   228 | D        | Found a burning altar of Makhleb.
   229 | D        | Found a sparkling altar of Nemelex Xobeh.
   230 | D        | Found an iron altar of Okawaru.
   231 | D        | Found a stormy altar of Qazlal.
   232 | D        | Found a sacrificial altar of Ru.
   233 | D        | Found a deep blue altar of Sif Muna.
   234 | D        | Found a bloodstained altar of Trog.
   235 | D        | Found a hide-covered altar of Uskayaw.
   236 | D        | Found a radiant altar of Vehumet.
   237 | D        | Found an ornate altar of the Wu Jian Council.
   238 | D        | Found a shimmering altar of Xom.
   239 | D        | Found a basalt altar of Yredelemnul.
   240 | D        | Found a glowing silver altar of Zin.
   241 | D        | Found a glowing golden altar of the Shining One.
   242 | D        | Became a worshipper of Trog the Wrathful
   260 | D        | Got the +4 quarterstaff of Ytta {freeze, rPois rC+ Int+2}
   504 | D        | Noticed a hungry ghost
   507 | D        | Reached * piety under Trog
   508 | D        | Reached skill level 10 in Throwing
   510 | D        | Reached XP level 6. HP: 60/60 MP: 6/6
   515 | D        | Killed a hungry ghost
   515 | D        | Reached ** piety under Trog
   515 | D        | Reached skill level 12 in Throwing
   604 | D        | Noticed a centaur warrior
   604 | D        | Noticed a troll
   604 | D        | Noticed a troll
   604 | D        | Noticed a two-headed ogre
   622 | D        | Killed a two-headed ogre
   622 | D        | Reached skill level 14 in Throwing
   622 | D        | Reached XP level 7. HP: 56/69 MP: 7/7
   622 | D        | Reached XP level 8. HP: 61/75 MP: 8/8
   625 | D        | Killed a troll
   625 | D        | Reached skill level 15 in Throwing
   633 | D        | Reached *** piety under Trog
   635 | D        | Killed a troll
   641 | D        | Slain by a centaur warrior

Vault maps used:
D:        linesprint

Skill      XL: |  1  2  3  4  5  6  7  8 |
---------------+-------------------------+-----
Throwing       | 5 9 10 14 15 | 15.7
Fighting       | 3 6 7 8 |  8.8
Short Blades   | 1 |  1.3
Armour         | 1 4 |  4.7
Dodging        | 2 4 |  4.7
Stealth        | |  0.4

Action                   |  1- 3 |  4- 6 |  7- 9 || total
-------------------------+-------+-------+-------++-------
Melee: Short sword       |    20 |     8 |       ||    28
       Kick              |    10 |    10 |     7 ||    27
       Quarterstaff      |       |    13 |    16 ||    29
Throw: Javelin           |       |     5 |       ||     5
Invok: Berserk           |       |     2 |       ||     2
Evoke: Wand              |       |     2 |       ||     2
  Use: Potion            |     1 |       |     3 ||     4
  Eat: Chunk             |       |     2 |       ||     2
Armor: Leather armour    |     2 |     3 |     7 ||    12
Dodge: Dodged            |     8 |    10 |    15 ||    33
